 Dungeon Crawl Stone Soup version 0.20-a0-492-g6327889 (webtiles) character file.

5196 Goblin1989 the Basher (level 10, -2/79 HPs)
             Began as a Barachian Fighter on Jan 15, 2017.
             Was an Elder of Okawaru.
             Slain by a skeletal warrior
             ... wielding a +0 dire flail
              (15 damage)
             ... on level 9 of the Dungeon.
             The game lasted 00:25:14 (9467 turns).

Goblin1989 the Basher (Barachian Fighter)           Turns: 9467, Time: 00:25:15

Health: -2/79      AC: 18    Str: 17    XL:     10   Next: 60%
Magic:  8/10       EV: 10    Int:  6    God:    Okawaru [****..]
Gold:   584        SH:  0    Dex: 12    Spells: 9/9 levels left

rFire    + . .     SeeInvis .   a - +0 dire flail (venom)
rCold    . . .     Gourm    .   M - +0 plate armour
rNeg     . . .     Faith    .   (shield currently unavailable)
rPois    .         Spirit   .   K - +0 helmet
rElec    .         Reflect  .   (no cloak)
rCorr    .         Harm     .   B - +0 pair of gloves {archery}
MR       .....                  (no boots)
Stlth    ..........             G - amulet of the Secret Allies {+Rage rF+}
Regen    0.2/turn               (no ring)
                                t - ring of wizardry

@: heroism, barbed spikes, very slightly contaminated, hasted, quick
A: swims, slowness 1, strong legs 1
a: Hop, Heroism, Renounce Religion, Evoke Berserk Rage


You were on level 9 of the Dungeon.
You worshipped Okawaru.
Okawaru was greatly pleased with you.
You were not hungry.

You visited 1 branch of the dungeon, and saw 9 of its levels.

You collected 584 gold pieces.

Inventory:

Hand Weapons
 a - a +0 dire flail of venom (weapon)
 b - the +8 bow of Krishna "Sharnga" {speed, Dex+3 SInv}
   (You found it on level 6 of the Dungeon)

   Attacks with this weapon are significantly faster.
   It affects your dexterity (+3).
   It lets you see invisible.
 P - the +11 scythe of the Mushroom {pain, +Rage rPois, unknown}
   (You found it on level 9 of the Dungeon)

   In the hands of one skilled in necromantic magic, it inflicts extra damage on
   living creatures.
   It protects you from poison.
   It lets you go berserk.
Missiles
 c - 140 arrows
 Z - a throwing net {=f, !d}
Armour
 s - a +1 cloak
 B - a +0 pair of gloves of archery (worn)
 K - a +0 helmet (worn)
 M - a +0 plate armour (worn)
Jewellery
 t - a ring of wizardry (left hand)
 G - the amulet of the Secret Allies (around neck) {+Rage rF+}
   (You found it on level 7 of the Dungeon)

   [amulet of rage]

   It protects you from fire.
   It lets you go berserk.
Wands
 g - a wand of random effects (28/48)
 I - a wand of iceblast (10/15)
 L - a wand of lightning (5/15)
 O - a wand of digging (12/24)
Scrolls
 d - a scroll of torment {unknown}
 h - 3 scrolls of fear {unknown}
 i - 2 scrolls of enchant armour {unknown}
 j - 2 scrolls of immolation {unknown}
 k - 12 scrolls of identify {unknown}
 l - 2 scrolls of blinking {unknown}
 o - 8 scrolls of remove curse {unknown}
 p - 2 scrolls of magic mapping {unknown}
 q - 2 scrolls of random uselessness {unknown}
 r - a scroll of amnesia {unknown}
 v - 3 scrolls of fog {unknown}
 x - 7 scrolls of teleportation {unknown}
 y - a scroll of recharging {unknown}
 J - a scroll of noise {unknown}
Potions
 e - a potion of invisibility {unknown}
 n - 2 potions of flight
 u - a potion of cure mutation {!q}
 w - 3 potions of degeneration {unknown}
 z - 2 potions of brilliance
 A - 2 potions of curing {@q1}
 C - 2 potions of magic {unknown}
 N - a potion of mutation {unknown}
Books
 H - a book of Frost

   Spells                             Type                      Level
   a - Freeze                         Ice                          1
   b - Throw Frost                    Conjuration/Ice              2
   c - Ozocubu's Armour               Charms/Ice                   3
   d - Throw Icicle                   Conjuration/Ice              4
   e - Summon Ice Beast               Ice/Summoning                4
Comestibles
 f - 6 bread rations {@e1}
 m - 5 meat rations {@e2}
 E - 7 fruits
 F - 7 chunks of flesh {@w0}


   Skills:
 + Level 7.0(12.0) Fighting
 + Level 10.8(15.8) Maces & Flails
 * Level 4.6(9.6) Bows
 + Level 7.1(12.1) Armour
 + Level 5.1(10.1) Dodging
   Level 3.2(8.2) Shields


You had 9 spell levels left.
You didn't know any spells.

Dungeon Overview and Level Annotations

Branches:
Dungeon (9/15)             Temple (0/1) D:4
   Lair: D:8-11         Orc: D:9-12

Altars:
Ashenzari
Cheibriados
Elyvilon
Gozag
Okawaru
Qazlal
Ru
Uskayaw
Xom
Yredelemnul
Zin
The Shining One

Annotations:
D:5 Eustachio


Innate Abilities, Weirdness & Mutations

You can swim through water.
You cover ground slowly.
You can hop short distances.


Message History

The skeletal warrior is lightly damaged.
You sock the skeletal warrior!
The skeletal warrior is heavily damaged.
The skeletal warrior hits you with a dire flail.
* * * LOW HITPOINT WARNING * * *
You take 3 damage, and have 27/79 hp.
Really quaff
D - a potion of haste {!q, @q3}?
You feel yourself speed up.
The skeletal warrior hits you with a dire flail!
* * * LOW HITPOINT WARNING * * *
You are very lightly contaminated with residual magic.
You take 14 damage, and have 13/79 hp.
You closely miss the skeletal warrior.
The skeletal warrior is moderately damaged.
You puncture the skeletal warrior!
The skeletal warrior is heavily damaged.
You hit the skeletal warrior but do no damage.
The skeletal warrior is heavily damaged.
The skeletal warrior hits you with a dire flail!
You die...

..........█
..........█.....
..........█....
.██.<██.███...
.██..██.█....█ ██
██ ..█.....█....██
.█. █.....█.....█
█H██.█
█.....█.....███z..█
█.███▲█.....██@██.█
███.█......██...██
.█
....█......█..██.█
█ ....█......█.██
██ ....∆......▲.█
█████......███


████████ You could see a skeletal warrior and a manticore.

Vanquished Creatures
  The ghost of Goblin1989 the Grappler, a novice TrTm of Okawaru (D:8)
  Pikel (D:6)
  The ghost of dobroeutro the Basher, a novice GrFi of Okawaru (D:7)
  The ghost of psellion the Caller, an amateur OgIE (D:5)
  A hippogriff (D:8)
  Menkaure (D:5)
  Edmund (D:4)
  Duvessa (D:5)
  A slave (D:6)
  2 sky beasts
  2 ice beasts
  An orc warrior (D:7)
  3 phantoms
  5 ogres
  A centaur (D:9)
  5 big kobolds
  2 bullfrogs
  A gnoll sergeant (D:7)
  A wyvern skeleton (D:7)
  Dowan (D:5)
  A water moccasin skeleton (D:4)
  5 crimson imps
  A bullfrog zombie (D:6)
  A centaur zombie (D:7)
  A jelly (D:7)
  An orc priest (D:7)
  2 bullfrog skeletons (D:4)
  3 hounds
  2 orc wizards
  4 iguanas
  Terence (D:2)
  4 worker ants
  A hound zombie (D:7)
  A worker ant zombie (D:5)
  7 gnolls
  13 adders
  3 shadow imps
  An ooze (D:3)
  A worm (D:3)
  2 dart slugs (D:3)
  A leopard gecko (D:3)
  13 orcs
  6 giant cockroaches
  8 goblins
  11 hobgoblins
  10 jackals
  59 kobolds
  2 quokkas
  A ball python (D:2)
  5 bats
  8 frilled lizards
  A leopard gecko skeleton (D:6)
  A leopard gecko zombie (D:5)
  A quokka skeleton (D:4)
  A quokka zombie (D:5)
  6 rats
222 creatures vanquished.

Vanquished Creatures (others)
  A sky beast (D:6)
  A jelly (D:6)
  An adder skeleton (D:6)
3 creatures vanquished.

Grand Total: 225 creatures vanquished

Notes
Turn   | Place    | Note
-------+----------+-------------------------------------------
     0 | D:1      | Goblin1989 the Barachian Fighter began the quest for the Orb.
     0 | D:1      | Reached XP level 1. HP: 18/18 MP: 1/1
   266 | D:1      | Reached XP level 2. HP: 21/24 MP: 2/2
   564 | D:2      | Reached skill level 3 in Maces & Flails
   571 | D:2      | Found a faded altar of an unknown god.
   611 | D:2      | Reached XP level 3. HP: 22/29 MP: 3/3
  1105 | D:2      | Noticed Terence
  1112 | D:2      | Killed Terence
  1112 | D:2      | Reached skill level 4 in Maces & Flails
  1112 | D:2      | Reached XP level 4. HP: 34/35 MP: 4/4
  1320 | D:3      | Found a white marble altar of Elyvilon.
  1345 | D:3      | Found a hide-covered altar of Uskayaw.
  1349 | D:3      | Found an iron altar of Okawaru.
  1349 | D:3      | Found a shimmering altar of Xom.
  1349 | D:3      | Found a stormy altar of Qazlal.
  1352 | D:3      | Found a basalt altar of Yredelemnul.
  1353 | D:3      | Found an opulent altar of Gozag.
  1358 | D:3      | Became a worshipper of Warmaster Okawaru
  1563 | D:3      | Reached skill level 5 in Maces & Flails
  1563 | D:3      | Reached XP level 5. HP: 33/41 MP: 5/5
  1920 | D:3      | Found a snail-covered altar of Cheibriados.
  1920 | D:3      | Found a glowing silver altar of Zin.
  2052 | D:4      | Reached skill level 6 in Maces & Flails
  2052 | D:4      | Reached XP level 6. HP: 28/47 MP: 6/6
  2263 | D:4      | Noticed Edmund
  2283 | D:4      | Killed Edmund
  2283 | D:4      | Reached * piety under Okawaru
  2584 | D:4      | Found a glowing golden altar of the Shining One.
  2729 | D:4      | Found a staircase to the Ecumenical Temple.
  2746 | D:4      | Reached skill level 7 in Maces & Flails
  2809 | D:5      | Entered Level 5 of the Dungeon
  2811 | D:5      | Noticed a sky beast
  2901 | D:4      | HP: 2/47 [orc wizard/puff of frost (5)]
  2907 | D:4      | Reached XP level 7. HP: 3/52 MP: 4/7
  3319 | D:6      | Reached skill level 8 in Maces & Flails
  3540 | D:5      | Reached ** piety under Okawaru
  3825 | D:5      | Noticed Menkaure
  3838 | D:5      | Killed Menkaure
  3838 | D:5      | Reached XP level 8. HP: 5/59 MP: 8/8
  4133 | D:5      | Noticed Eustachio
  4830 | D:5      | Noticed psellion's ghost (amateur OgIE)
  4850 | D:5      | Killed psellion's ghost
  4850 | D:5      | Reached skill level 9 in Maces & Flails
  4850 | D:5      | Reached skill level 1 in Dodging
  5142 | D:5      | Noticed Dowan
  5143 | D:5      | Noticed Duvessa
  5152 | D:5      | Killed Dowan
  5164 | D:5      | Killed Duvessa
  5752 | D:5      | Reached XP level 9. HP: 59/67 MP: 9/9
  5891 | D:6      | Noticed Pikel
  5895 | D:6      | Killed Pikel
  5895 | D:6      | Reached *** piety under Okawaru
  5895 | D:6      | Reached skill level 5 in Fighting
  5895 | D:6      | Reached skill level 10 in Maces & Flails
  5895 | D:6      | Reached skill level 5 in Armour
  6292 | D:6      | Reached skill level 1 in Bows
  6306 | D:6      | Found a shimmering altar of Xom.
  6313 | D:6      | Found a shimmering altar of Xom.
  6314 | D:6      | Found a shimmering altar of Xom.
  6315 | D:6      | Found a shimmering altar of Xom.
  6748 | D:7      | Noticed dobroeutro's ghost (novice GrFi)
  6982 | D:7      | Killed dobroeutro's ghost
  6982 | D:7      | Reached **** piety under Okawaru
  7243 | D:7      | Got a pitted bronze amulet
  7571 | D:7      | Reached XP level 10. HP: 58/76 MP: 10/10
  7592 | D:7      | Identified the amulet of the Secret Allies {+Rage rF+} (You found it on level 7 of the Dungeon)
  8056 | D:8      | Found a shattered altar of Ashenzari.
  8332 | D:8      | Noticed Goblin1989's ghost (novice TrTm)
  8372 | D:8      | Killed Goblin1989's ghost
  8372 | D:8      | Received a gift from Okawaru
  8712 | D:8      | Found a sacrificial altar of Ru.
  8830 | D:8      | Reached skill level 5 in Dodging
  9398 | D:9      | Got a dazzling scythe
  9452 | D:9      | Noticed a skeletal warrior
  9455 | D:9      | Noticed a manticore
  9467 | D:9      | Slain by a skeletal warrior

Vault maps used:
D:1:      mushboom_english_gardens
D:2:      chequers_ecumenical_altar_island, uniq_terence
D:3:      overflow_temple_1_default, minitemple, gammafunk_temple_overflow_wave,
          first_bread, minivault_4
D:4:      tso_oasis_becter, uniq_edmund
D:5:      minmay_goblin_kobold_castle, uniq_eustachio, uniq_menkaure,
          uniq_duvessa
D:6:      xom_redecorated, uniq_pikel
D:8:      marbit_many_paths, old_standard_altar
D:9:      minmay_cornered_nines, orc_0_dummy, serial_glass, glass_columns_a,
          glass_columns_b, glass_columns_a, glass_columns_a

Skill      XL: |  1  2  3  4  5  6  7  8  9 10 |
---------------+-------------------------------+-----
Maces & Flails | 3 4 5 6 7 8 9 10 | 10.8
Fighting       | 4 6 7 |  7.0
Armour         | 4 6 7 |  7.1
Dodging        | 2 4 5 |  5.1
Bows           | 3 4 |  4.6
Shields        | |  3.2

Action                   |  1- 3 |  4- 6 |  7- 9 | 10-12 || total
-------------------------+-------+-------+-------+-------++-------
Melee: Flail             |    98 |   175 |   166 |       ||   439
       Dire flail        |       |       |   321 |   194 ||   515
 Fire: Longbow           |       |       |       |     6 ||     6
Invok: Heroism           |       |     2 |     7 |     5 ||    14
 Abil: Hop               |       |     1 |     3 |     1 ||     5
  Use: Potion            |     4 |     1 |     4 |     4 ||    13
  Eat: Chunk             |     1 |     7 |    13 |     6 ||    27
       Pizza             |       |       |     1 |     1 ||     2
       Beef jerky        |       |       |     1 |       ||     1
Armor: Scale mail        |    70 |    76 |   230 |     2 ||   378
       Plate armour      |       |       |       |   100 ||   100
Dodge: Dodged            |    31 |    40 |   221 |    68 ||   360
Block: Shield            |    56 |    89 |   119 |       ||   264

Vault maps used:
D:1:      mushboom_english_gardens
D:2:      chequers_ecumenical_altar_island, uniq_terence
D:3:      overflow_temple_1_default, minitemple, gammafunk_temple_overflow_wave,
          first_bread, minivault_4
D:4:      tso_oasis_becter, uniq_edmund
D:5:      minmay_goblin_kobold_castle, uniq_eustachio, uniq_menkaure,
          uniq_duvessa
D:6:      xom_redecorated, uniq_pikel
D:8:      marbit_many_paths, old_standard_altar
D:9:      minmay_cornered_nines, orc_0_dummy, serial_glass, glass_columns_a,
          glass_columns_b, glass_columns_a, glass_columns_a
